 Dungeon Crawl Stone Soup version 0.19-a0-1686-g35356ef (webtiles) character file.

252 Flanowski the Insei (level 6, 0/30 HPs)
             Began as a Vine Stalker Transmuter on Sept 25, 2016.
             Succumbed to Crazy Yiuf's poison
             ... on level 3 of the Dungeon.
             The game lasted 00:06:10 (2465 turns).

Flanowski the Insei (Vine Stalker Transmuter)       Turns: 2465, Time: 00:06:10

Health: 0/30       AC:  3    Str: 13    XL:     6   Next: 13%
Magic:  0/11       EV: 13    Int: 14    God:
Gold:   177        SH:  0    Dex: 15    Spells: 3 memorised, 5 levels left

rFire  . . .     SeeInvis .     w - +1 dagger (drain)
rCold  . . .     Gourm    .     b - +0 robe
rNeg   . . .     Faith    .     (no shield)
rPois  .         Spirit   +     (no helmet)
rElec  .         Dismiss  .     (no cloak)
rCorr  .         Reflect  .     (no gloves)
MR     .....     Harm     .     (no boots)
Stlth  +.........               (no amulet)
                                (no ring)
                                (no ring)

@: lethally poisoned (0 -> 0), very slightly contaminated
A: fangs 2, regeneration 1, magic shield, antimagic bite, no device heal 3, rot
immunity
a: no special abilities


You were on level 3 of the Dungeon.
You were hungry.

You visited 1 branch of the dungeon, and saw 3 of its levels.

You collected 177 gold pieces.

Inventory:

Hand Weapons
 w - a +1 dagger of draining (weapon)
Missiles
 a - 20 arrows
Armour
 b - a +0 robe (worn)
Scrolls
 f - 2 scrolls of recharging {unknown}
 h - a scroll of enchant armour {unknown}
 i - 3 scrolls of magic mapping {unknown}
 j - a scroll of noise {unknown}
 l - 3 scrolls of remove curse {unknown}
 p - 2 scrolls of identify {unknown}
 t - a scroll of enchant weapon {unknown}
 u - a scroll of amnesia {unknown}
 v - a scroll of immolation {unknown}
 y - a scroll of random uselessness {unknown}
Potions
 e - 3 potions of curing {unknown}
 g - 2 potions of agility {unknown}
 k - a potion of haste {unknown}
 m - 2 potions of ambrosia {unknown}
 o - a potion of invisibility {unknown}
 q - a potion of brilliance {unknown}
 s - a potion of beneficial mutation {unknown}
 z - 2 potions of heal wounds {unknown}
 A - a potion of flight {unknown}
 B - a potion of degeneration {unknown}
Books
 c - a book of Changes

   Spells                             Type                      Level
   a - Beastly Appendage              Transmutation                1
   b - Sticks to Snakes               Transmutation                2
   c - Spider Form                    Transmutation/Poison         3
   d - Ice Form                       Ice/Transmutation            4
   e - Blade Hands                    Transmutation                5
 x - a book of Party Tricks

   Spells                             Type                      Level
   a - Summon Butterflies             Summoning                    1
   b - Apportation                    Translocation                1
   c - Tukima's Dance                 Hexes                        3
   d - Alistair's Intoxication        Transmutation/Poison         5
   e - Invisibility                   Hexes                        6
Comestibles
 d - 5 bread rations
 r - 2 meat rations


   Skills:
 + Level 1.2 Fighting
 + Level 2.5 Dodging
 * Level 4.7 Unarmed Combat
 + Level 3.2 Spellcasting
 * Level 3.3 Transmutations


You had 5 spell levels left.
You knew the following spells:

 Your Spells              Type           Power        Failure   Level  Hunger
a - Beastly Appendage     Tmut           ##....       6%          1    #......
b - Sticks to Snakes      Tmut           ##......     10%         2    ##.....
c - Spider Form           Tmut/Pois      #.........   38%         3    ###....


Dungeon Overview and Level Annotations

Branches:
Dungeon (3/15)

Altars:

Annotations:
D:3 Crazy Yiuf, Natasha


Innate Abilities, Weirdness & Mutations

You have extremely sharp teeth.
Your natural rate of healing is unusually fast.
When hurt, damage is shared between your health and your magic reserves.
Your bite disrupts and absorbs the magic of your enemies.
Potions and wands cannot restore your health.
You are immune to rotting.


Message History

Your +1 dagger of draining unmelds from your body.
Your +0 robe unmelds from your body.
You sense an unholy aura.
You feel sick.
Natasha hisses angrily.
Crazy Yiuf yells, "Goober!"
You feel sick.
Natasha stares at you and mumbles some strange words.
The magic dart hits you!
* * * LOW HITPOINT WARNING * * *
Crazy Yiuf barely misses you.
You feel sick.
Natasha wildly gestures.
You feel disoriented.
Crazy Yiuf grits, "Whiteboard!"
Natasha wildly gestures.
Natasha's front paws start to glow.
Natasha claws you.
* * * LOW HITPOINT WARNING * * *
Natasha claws you.
* * * LOW HITPOINT WARNING * * *
You die...

# ##### ♣♣####.# #.##.####.## #
#)..#♣♣ ♣♣.#..#.# #.##...##(## #
#...'.♣♣♣♣.......# #........... #
#...#♣g.♣........# #.##.#.###.# #
#####♣♣♣.♣..#(.#.###(##.#.###.. #
♣♣♣♣♣##....((........... #
#gh...............
#############.#.###)#..######.
#........#.##@#.........# #.
####........#..#.#.###.#..######.
.................................
......†.....##.#.#...........###.
............##.#.#.###....#...###
.....#########...#.###.#.........
.....# ##........#..#...###
.....# ##........#..#......
.....# #............######.


You could see Crazy Yiuf and Natasha.

Vanquished Creatures
  An orc priest (D:3)
  Natasha (twice) (D:3)
  An orc wizard (D:3)
  Robin (D:3)
  5 adders
  An ooze (D:3)
  A worm (D:3)
  A dart slug (D:1)
  A leopard gecko (D:3)
  7 orcs (D:3)
  8 bats
  6 giant cockroaches
  12 goblins
  7 hobgoblins
  4 kobolds
  3 quokkas
  A ball python (D:3)
  3 frilled lizards
  16 rats
81 creatures vanquished.

Notes
Turn   | Place    | Note
-------+----------+-------------------------------------------
     0 | D:1      | Flanowski the Vine Stalker Transmuter began the quest for the Orb.
     0 | D:1      | Reached XP level 1. HP: 9/9 MP: 4/4
   264 | D:1      | Reached XP level 2. HP: 14/14 MP: 4/6
   924 | D:2      | Reached XP level 3. HP: 11/17 MP: 7/7
  1225 | D:2      | Gained mutation: Your natural rate of healing is unusually fast. [Vine Stalker growth]
  1225 | D:2      | Reached XP level 4. HP: 16/21 MP: 5/9
  1234 | D:2      | Learned a level 2 spell: Sticks to Snakes
  1238 | D:2      | Learned a level 3 spell: Spider Form
  1401 | D:3      | Reached skill level 4 in Unarmed Combat
  1721 | D:3      | Reached XP level 5. HP: 23/25 MP: 7/10
  1743 | D:3      | Noticed Robin
  1781 | D:3      | Killed Robin
  1809 | D:3      | Reached skill level 1 in Fighting
  2213 | D:3      | Noticed Natasha
  2229 | D:3      | Killed Natasha
  2229 | D:3      | Reached XP level 6. HP: 10/30 MP: 2/11
  2246 | D:3      | Noticed Natasha
  2261 | D:3      | Killed Natasha
  2434 | D:3      | Found a runed door.
  2441 | D:3      | Noticed Crazy Yiuf
  2458 | D:3      | Noticed Natasha
  2464 | D:3      | HP: 1/30 [Natasha (3)]
  2465 | D:3      | Succumbed to Crazy Yiuf's poison

Vault maps used:
D:1:      eino_arrival_water_star
D:3:      first_bread, uniq_natasha, uniq_crazy_yiuf_cottage, uniq_robin

Skill      XL: |  1  2  3  4  5 |
---------------+----------------+-----
Unarmed Combat | 4 |  4.7
Spellcasting   | 3 |  3.2
Dodging        | 2 |  2.5
Fighting       | 1 |  1.2
Transmutations | 3 |  3.3

Action                   |  1- 3 |  4- 6 || total
-------------------------+-------+-------++-------
Melee: Unarmed           |    84 |    18 ||   102
       Kick              |     8 |     9 ||    17
       Bite              |    15 |    31 ||    46
       Headbutt          |     8 |     6 ||    14
       Punch             |     1 |     3 ||     4
       Dagger            |       |   134 ||   134
 Cast: Beastly Appendage |    24 |    24 ||    48
       Spider Form       |       |     3 ||     3
 Stab: Sleeping          |     1 |     1 ||     2
  Eat: Chunk             |     1 |     5 ||     6
Armor: Robe              |    22 |    59 ||    81
Dodge: Dodged            |    52 |   127 ||   179
